 Dungeon Crawl Stone Soup version 0.26-a0-664-gc8b27b8fc1 (webtiles) character file.

Game seed: 6437105032054885655

126 Kinoniko the Quickloader (level 5, -4/43 HPs)
             Began as a Gnoll Hunter on Oct 13, 2020.
             Slain by a scorpion (7 damage)
             ... on level 4 of the Dungeon.
             The game lasted 00:04:38 (2711 turns).

Kinoniko the Quickloader (Gnoll Hunter)             Turns: 2711, Time: 00:04:39

Health: -4/43      AC: 11    Str: 21    XL:     5   Next: 10%
Magic:  7/7        EV: 13    Int: 13    God:
Gold:   200        SH:  0    Dex: 16    Spells: 6/6 levels left

rFire    . . .     SeeInvis .   i - -3 spear (curse)
rCold    . . .     Faith    .   (no shield)
rNeg     . . .     Spirit   .   e - +4 scale mail
rPois    .         Reflect  .   o - +1 hat
rElec    .         Harm     .   (no cloak)
rCorr    .         Rampage  .   (no gloves)
MR       .....                  (no boots)
Stlth    +.........             (no amulet)
HPRegen  0.14/turn              p - +6 ring of strength
MPRegen  0.10/turn              (no ring)

@: lethally poisoned (-4 -> -7)
A: distributed training, fangs 1, strong nose
a: no special abilities


You were on level 4 of the Dungeon.
You visited 1 branch of the dungeon, and saw 4 of its levels.

You collected 200 gold pieces.

Inventory:

Hand Weapons
 a - a +1 hand crossbow
 b - a +0 short sword
 i - a cursed -3 spear (weapon)
 m - a +0 flail of protection
Missiles
 d - 43 bolts
Armour
 c - a +0 leather armour
 e - a +4 scale mail (worn)
 o - a +1 hat (worn)
Jewellery
 n - an uncursed amulet of magic regeneration
 p - a +6 ring of strength (left hand)
Wands
 h - a wand of acid (6)
Scrolls
 q - a scroll of fear
 r - a scroll of identify
Potions
 f - 2 potions of lignification
 g - a potion of heal wounds
 j - a potion of haste {unknown}
 k - a potion of stabbing {unknown}
 l - 4 potions of flight
 s - a potion of ambrosia {unknown}


   Skills:
 + Level 4.7 Fighting
 + Level 1.3 Short Blades
 + Level 1.3 Long Blades
 + Level 1.3 Axes
 + Level 1.3 Maces & Flails
 + Level 1.3 Polearms
 + Level 1.3 Staves
 + Level 1.3 Slings
 + Level 1.3 Bows
 + Level 8.6 Crossbows
 + Level 1.3 Throwing
 + Level 1.3 Armour
 + Level 4.7 Dodging
 + Level 2.7 Stealth
 + Level 1.3 Shields
 + Level 1.3 Unarmed Combat
 + Level 1.3 Spellcasting
 + Level 1.1 Conjurations
 + Level 1.1 Hexes
 + Level 1.1 Summonings
 + Level 1.1 Necromancy
 + Level 1.1 Translocations
 + Level 1.1 Transmutations
 + Level 1.1 Fire Magic
 + Level 1.1 Ice Magic
 + Level 1.1 Air Magic
 + Level 1.1 Earth Magic
 + Level 1.1 Poison Magic
 + Level 1.5 Invocations
 + Level 1.3 Evocations


You had 6 spell levels left.
You didn't know any spells.
Your spell library was empty.

Dungeon Overview and Level Annotations

Branches:
Dungeon (4/15)
 Temple: D:4-7

Altars:
Makhleb


Innate Abilities, Weirdness & Mutations

Your experience applies equally to all skills.
You have very sharp teeth.
Your uncanny sense of smell can sniff out nearby items.


Message History

The scorpion is heavily wounded.
The scorpion barely misses you.
You hit the scorpion.
The scorpion is severely wounded.
* * * LOW HITPOINT WARNING * * *
You feel sick. The scorpion barely misses you.
You closely miss the scorpion.
The scorpion is heavily wounded.
The scorpion barely misses you.
You barely miss the scorpion.
The scorpion is heavily wounded.
* * * LOW HITPOINT WARNING * * *
You feel sick. The scorpion misses you.
You hit the scorpion but do no damage. You bite the scorpion.
The scorpion is almost dead.
The scorpion closely misses you.
You hit the scorpion but do no damage.
The scorpion is almost dead.
The scorpion stings you!
You die...

#.<..............##
#...........#......
###........# #.....#
##(#..........####....##
#.............#..#......
#... #..................
.....###.......###.....)
......##........##......
.......@..###...###.....
.......s....###.###.....
...###.......##........#
. #........##...†####
∆..................##
...........##(.....#
.............###...##
..........†........#.
..................


You could see a scorpion.

Vanquished Creatures
  A howler monkey skeleton (D:4)
  3 adders
  An ooze (D:4)
  2 worms
  3 orcs (D:3)
  5 giant cockroaches
  10 goblins
  9 hobgoblins
  3 jackals (D:2)
  8 kobolds
  A quokka (D:3)
  3 ball pythons
  11 bats
  4 frilled lizards
  7 rats
71 creatures vanquished.

Notes
Turn   | Place    | Note
-------+----------+-------------------------------------------
     0 | D:1      | Kinoniko the Gnoll Hunter began the quest for the Orb.
     0 | D:1      | Reached XP level 1. HP: 20/20 MP: 1/1
   109 | D:1      | Reached XP level 2. HP: 26/26 MP: 2/2
   372 | D:1      | Reached XP level 3. HP: 31/31 MP: 3/3
   865 | D:2      | Reached skill level 1 in Invocations
  1159 | D:2      | Reached skill level 1 in Short Blades
  1159 | D:2      | Reached skill level 1 in Long Blades
  1159 | D:2      | Reached skill level 1 in Axes
  1159 | D:2      | Reached skill level 1 in Maces & Flails
  1159 | D:2      | Reached skill level 1 in Polearms
  1159 | D:2      | Reached skill level 1 in Staves
  1159 | D:2      | Reached skill level 1 in Slings
  1159 | D:2      | Reached skill level 1 in Bows
  1159 | D:2      | Reached skill level 1 in Throwing
  1159 | D:2      | Reached skill level 1 in Armour
  1159 | D:2      | Reached skill level 1 in Shields
  1159 | D:2      | Reached skill level 1 in Unarmed Combat
  1159 | D:2      | Reached skill level 1 in Spellcasting
  1159 | D:2      | Reached skill level 1 in Evocations
  1328 | D:2      | Reached XP level 4. HP: 38/38 MP: 5/5
  1522 | D:3      | Found a burning altar of Makhleb.
  1859 | D:3      | Reached skill level 1 in Conjurations
  1859 | D:3      | Reached skill level 1 in Hexes
  1859 | D:3      | Reached skill level 1 in Summonings
  1859 | D:3      | Reached skill level 1 in Necromancy
  1859 | D:3      | Reached skill level 1 in Translocations
  1859 | D:3      | Reached skill level 1 in Transmutations
  1859 | D:3      | Reached skill level 1 in Fire Magic
  1859 | D:3      | Reached skill level 1 in Ice Magic
  1859 | D:3      | Reached skill level 1 in Air Magic
  1859 | D:3      | Reached skill level 1 in Earth Magic
  1859 | D:3      | Reached skill level 1 in Poison Magic
  2602 | D:4      | Reached XP level 5. HP: 43/43 MP: 6/6
  2709 | D:4      | HP: 2/43 [poisoned by a scorpion]
  2711 | D:4      | Slain by a scorpion

Illustrated notes

Levels and vault maps discovered:
D:1:      lemuel_arrival_rhombus, layout_loops_ring
D:2:      layout_rooms, minmay_misc_feat_more_columns
D:3:      layout_loops_ring, bloody_makhleb
D:4:      gammafunk_wand_slinger, layout_cave_pools,
          nicolae_ru_great_annihilating_truth

Skill      XL: |  1  2  3  4 |
---------------+-------------+-----
Invocations    | 1 |  1.5
Short Blades   | 1 |  1.3
Long Blades    | 1 |  1.3
Axes           | 1 |  1.3
Maces & Flails | 1 |  1.3
Polearms       | 1 |  1.3
Staves         | 1 |  1.3
Slings         | 1 |  1.3
Bows           | 1 |  1.3
Throwing       | 1 |  1.3
Armour         | 1 |  1.3
Shields        | 1 |  1.3
Unarmed Combat | 1 |  1.3
Spellcasting   | 1 |  1.3
Evocations     | 1 |  1.3
Conjurations   | 1 |  1.1
Hexes          | 1 |  1.1
Summonings     | 1 |  1.1
Necromancy     | 1 |  1.1
Translocations | 1 |  1.1
Transmutations | 1 |  1.1
Fire Magic     | 1 |  1.1
Ice Magic      | 1 |  1.1
Air Magic      | 1 |  1.1
Earth Magic    | 1 |  1.1
Poison Magic   | 1 |  1.1
Fighting       | |  4.7
Crossbows      | |  8.6
Dodging        | |  4.7
Stealth        | |  2.7

Action                   |  1- 3 |  4- 6 || total
-------------------------+-------+-------++-------
Melee: Spear             |   177 |   198 ||   375
       Bite              |    16 |    22 ||    38
       Punch             |       |     3 ||     3
 Fire: Hand crossbow     |    29 |       ||    29
  Use: Scroll            |     6 |     6 ||    12
Armor: Scale mail        |    90 |    73 ||   163
Dodge: Dodged            |   104 |    85 ||   189

Table legend: (Time is in decaauts)
 A = Elapsed time spent in this place.
 B = Non-inter-level travel time spent in this place.
 C = Inter-level travel time spent in this place.
 D = Time resting spent in this place.
 E = Time spent auto-exploring this place.
 F = Levels seen in this place.
 G = Mean time per level.
                   A        B        C        D        E       F      G
               +--------+--------+--------+--------+--------+-----+--------+
         Total |   2730 |   2606 |    124 |    444 |   1522 |   4 |  682.5 |
       Dungeon |   2730 |   2606 |    124 |    444 |   1522 |   4 |  682.5 |
               +--------+--------+--------+--------+--------+-----+--------+

Top non-repeatable levels by time:
     D:3: 1047 daAuts
     D:1: 755 daAuts
     D:2: 693 daAuts
     D:4: 233 daAuts
